 Dungeon Crawl Stone Soup version 0.30.1-9-gdf580d7c3d (webtiles) character file.

Game seed: 17819585142903459358

81 Cheops the Conjurer (level 4, -1/36 HPs)
             Began as a Naga Fire Elementalist on Sept 29, 2023.
             Slain by Grinder (3 damage)
             ... on level 3 of the Dungeon.
             The game lasted 00:08:58 (2798 turns).

Cheops the Conjurer (Naga Fire Elementalist)        Turns: 2798, Time: 00:08:59

Health: -1/36      AC:  2    Str: 11    XL:     4   Next: 40%
Magic:  0/7        EV:  9    Int: 17    God:
Gold:   194        SH:  0    Dex: 11    Spells: 1/7 levels left

rFire   . . .        a - +0 dagger (venom)
rCold   + . .        (no shield)
rNeg    . . .        e - +0 robe
rPois   +            (no helmet)
rElec   .            (no cloak)
rCorr   .            (no gloves)
SInv    +            (no barding)
Will    .....        (no amulet)
Stlth   ++           h - ring of protection from cold
HPRegen 0.26/turn    (no ring)
MPRegen 0.10/turn

%: no passive effects
@: very slow
A: AC +1, large, see invisible, deformed body, poison resistance, slowness 2,
spit poison 1, naga tail 1
a: Spit Poison


You were on level 3 of the Dungeon.
You visited 1 branch of the dungeon, and saw 3 of its levels.

You collected 194 gold pieces.

Inventory:

Hand Weapons
 a - a +0 dagger of venom (weapon)
Armour
 e - a +0 robe (worn)
Jewellery
 h - a ring of protection from cold (left hand)
 j - a ring of ice
Scrolls
 c - a scroll of teleportation
 f - a scroll of identify
 g - a scroll of immolation
 i - a scroll of fear
 k - a scroll of fog
Potions
 b - a potion of magic
 d - 4 potions of cancellation


   Skills:
 - Level 1.5 Dodging
 - Level 3.0 Stealth
 - Level 2.0 Spellcasting
 - Level 4.0 Conjurations
 + Level 3.1 Fire Magic


You had one spell level left.
You knew the following spells:

 Your Spells              Type           Power      Damage    Failure   Level
a - Foxfire               Conj/Fire      52%        2x1d6     4%          1
b - Volatile Blastmotes   Fire/Tloc      14%        2d11      30%         3
s - Scorch                Fire           24%        2d6       8%          2

Your spell library contained the following spells:

 Spells                   Type           Power      Damage    Failure   Level
 Necrotise                Necr           4%         1d4       19%         1
 Ensorcelled Hibernation  Hex/Ice        2%         N/A       28%         2
 Inner Flame              Hex/Fire       7%         N/A       30%         3
 Flame Wave               Conj/Fire      13%        2d6       41%         4
 Spider Form              Tmut/Pois      1%         N/A       50%         3
 Vampiric Draining        Necr           1%         2d6       50%         3
 Anguish                  Hex/Necr       0%         N/A       88%         4
 Agony                    Necr           1%         N/A       99%         5


Dungeon Overview and Level Annotations

Branches:
Dungeon (3/15)

Altars:
Makhleb

Annotations:
D:3 Grinder, Jessica


Innate Abilities, Weirdness & Mutations

Your serpentine skin is tough. (AC +1)
You have supernaturally acute eyesight. (SInv)
Armour fits poorly on your strangely shaped body.
Your system is resistant to poisons. (rPois)
You cover ground very slowly.
You can spit poison.
You have a snake-like lower body.


Message History

Grinder attacks as you move away! Grinder barely misses you.
The foxfire hits Grinder but does no damage.
Grinder is heavily wounded.
The foxfire hits Grinder but does no damage.
Grinder is heavily wounded.
Grinder hits you!
* * * LOW HITPOINT WARNING * * *
You writhe in agony.
* * * LOW HITPOINT WARNING * * *
Aiming: Spit Poison (1% risk of failure)
Press: ? - help, Shift-Dir - straight line, f - Grinder
Aim: Grinder (heavily wounded, more vulnerable to fire, 54% to hit)
The splash of poison hits Grinder but does no damage.
Grinder is heavily wounded.
Grinder gestures at you.
You struggle to resist.
You aren't carrying any items that you can evoke.
Unknown command.
You closely miss Grinder.
Grinder is heavily wounded.
Grinder hits you.
* * * LOW HITPOINT WARNING * * *
You writhe in agony.
* * * LOW HITPOINT WARNING * * *
You closely miss Grinder. Your punch misses Grinder.
Grinder is heavily wounded.
You have got your breath back.
Grinder closely misses you.
You hit Grinder.
Grinder is heavily wounded.
Grinder barely misses you.
You hit Grinder.
Grinder is poisoned.
Grinder is heavily wounded.
Grinder barely misses you.
Casting: Foxfire (safe; 4% risk of failure)
Confirm with . or Enter, or press ? or * to list all spells.
You conjure some foxfire!
Grinder hits you!
* * * LOW HITPOINT WARNING * * *
You writhe in agony.
You die...

#..$ ........>.....S.
#... #........[.#####
#.... .......#.......
#....##.#....########
#.........######## ###
#.........<....# ....
##.#............# .....
##v.#.......†....#
......##@.##.............
.......5v###.........<...
.......### #............#
......# #............#
...... ######.......#
..... #.......# .._..
#.......# #... #########
####


You could see Grinder (very poisoned, combustible, ally target).

Vanquished Creatures
  4 adders (D:2)
  A dart slug (D:2)
  6 ball pythons
  4 bats
  6 endoplasms
  A giant cockroach (D:2)
  3 goblins
  4 hobgoblins (D:2)
  3 kobolds
  A quokka (D:3)
  3 frilled lizards
  8 rats
44 creatures vanquished.

Vanquished Creatures (others)
  66 foxfires
66 creatures vanquished.

Grand Total: 110 creatures vanquished

Notes
Turn   | Place    | Note
-------+----------+-------------------------------------------
     0 | D:1      | Cheops the Naga Fire Elementalist began the quest for the
                  | Orb.
     0 | D:1      | Reached XP level 1. HP: 15/15 MP: 3/3
   357 | D:1      | Reached skill level 2 in Conjurations
   357 | D:1      | Reached XP level 2. HP: 17/22 MP: 1/5
   457 | D:1      | Learned a level 2 spell: Scorch
  1150 | D:2      | Reached XP level 3. HP: 28/28 MP: 3/6
  1154 | D:2      | Learned a level 3 spell: Volatile Blastmotes
  1157 | D:2      | Reached skill level 3 in Conjurations
  1763 | D:2      | Reached XP level 4. HP: 36/36 MP: 2/7
  2240 | D:2      | Reached skill level 4 in Conjurations
  2617 | D:3      | Noticed Grinder
  2750 | D:3      | Noticed Jessica
  2750 | D:3      | Noticed an ice beast
  2785 | D:3      | Found a burning altar of Makhleb.
  2798 | D:3      | Slain by Grinder

Illustrated notes

Levels and vault maps discovered:
D:1:      dpeg_arrival_orchard, layout_basic, nicolae_titane
D:2:      layout_basic, grunt_ministairs_1, minivault_27, kennysheep_cross_room,
          minmay_distorted
D:3:      layout_rooms, bloody_makhleb, bloody_trog, portal_sewer_entry_b,
          nicolae_figureground_sparkle, uniq_grinder, uniq_jessica,
          uniq_crazy_yiuf_cottage, uniq_robin

Skill      XL: |  1  2  3  4 |
---------------+-------------+-----
Conjurations   | 2 3 4 |  4.0
Dodging        | |  1.5
Stealth        | |  3.0
Spellcasting   | |  2.0
Fire Magic     | |  3.1

Action                     |  1- 3 |  4- 6 || total
---------------------------+-------+-------++-------
  Melee: Club              |    14 |     3 ||    17
         Unarmed           |     1 |       ||     1
         Dagger            |       |    11 ||    11
   Cast: Foxfire           |    29 |    13 ||    42
         Scorch            |    11 |    11 ||    22
Ability: Spit Poison       |     5 |     3 ||     8
    Use: Scroll            |       |     5 ||     5
 Armour: Robe              |     2 |     6 ||     8
  Dodge: Dodged            |     9 |    14 ||    23
